Map: Eternal Empire LE

Players

prospeKt - Winner!

  • Race: Zerg Zerg
  • League: Platinum
  • Spawn Location: 7:00

A.I. 1 (Hard)

  • Race: Protoss Protoss
  • Spawn Location: 1:00

VOD

Have the link to the VOD?

Description

Time

  • Played on: June 2, 2020, 3:50 a.m.
  • Length: 12:26
Show
View Real Time Build Order
Export as new Build Order

prospeKt Zerg - Winner!

Build Orders: Hatch First, Roach Hydra 

Get SALT Encoding   

  12  0:01  Drone  
  14  0:16  Overlord  
  14  0:19  Drone  
  14  0:35  Drone  
  15  0:36  Drone  
  16  0:46  Drone  
  17  0:58  Hatchery, Drone  
  17  1:08  Drone  
  18  1:15  Spawning Pool  
  17  1:20  Drone  
  18  1:28  Extractor  
  18  1:29  Drone  
  18  1:40  Drone  
  19  1:52  Overlord  
  19  2:02  Drone  
  20  2:10  Queen  
  20  2:11  Queen  
  20  2:12  Overlord  
  20  2:14  Drone  
  25  2:23  Drone x2  
  27  2:35  Drone x2  
  29  2:45  Overlord  
  29  2:47  Drone  
  29  2:49  Queen  
  32  2:52  Lair  
  32  2:53  Drone  
  32  2:56  Drone  
  34  3:08  Drone x2  
  36  3:15  Drone  
  37  3:21  Drone x2  
  37  3:22  Drone  
  37  3:24  Drone  
  41  3:28  Hatchery  
  41  3:32  Drone x3  
  43  3:36  Drone  
  44  3:47  Drone x2  
  44  3:48  Roach Warren  
  45  3:49  Extractor  
  45  3:53  Evolution Chamber  
  45  3:54  Drone x2, Extractor  
  44  4:02  Overlord, Drone  
  45  4:06  Drone  
  45  4:07  Drone x3  
  45  4:09  Overlord  
  49  4:20  Drone x2  
  51  4:25  Drone  
  51  4:31  Glial Reconstitution  
  52  4:33  Zerg Missile Weapons Level 1  
  52  4:35  Roach x5  
  52  4:37  Roach  
  64  4:39  Roach  
  66  4:53  Drone  
  66  4:54  Drone x3  
  70  5:09  Overlord x2  
  70  5:12  Drone x2  
  72  5:22  Drone  
  72  5:24  Drone  
  74  5:29  Drone x7, Extractor  
  74  5:31  Extractor  
  74  5:34  Roach  
  81  5:36  Drone x2  
  81  5:39  Hydralisk Den  
  81  5:41  Evolution Chamber  
  81  5:45  Drone x3  
  84  5:55  Roach x3  
  88  6:00  Roach x2  
  88  6:01  Roach  
  90  6:05  Overlord  
  90  6:07  Overlord  
  90  6:09  Roach x2  
  90  6:17  Roach x2  
  90  6:24  Roach x3  
  90  6:25  Roach  
  98  6:35  Drone x4  
  102  6:43  Hatchery  
  101  6:55  Zerg Missile Weapons Level 2  
  101  6:57  Tunneling Claws  
  101  7:00  Grooved Spines  
  101  7:01  Zerg Ground Armor Level 1  
  101  7:02  Overlord x2  
  101  7:04  Drone  
  101  7:05  Drone x4  
  106  7:23  Drone x10  
  106  7:24  Drone  
  106  7:27  Hatchery  
  106  7:28  Drone  
  106  7:29  Drone  
  118  7:41  Overlord x4  
  118  7:42  Overlord  
  118  7:47  Hydralisk x2  
  122  7:58  Infestation Pit  
  121  8:08  Hydralisk x2  
  121  8:09  Hydralisk x10  
  145  8:17  Drone x2  
  145  8:18  Hydralisk x4  
  155  8:32  Muscular Augments, Extractor x2  
  153  8:37  Hatchery, Hydralisk x4  
  153  8:39  Hatchery  
  159  8:42  Overlord  
  159  8:43  Overlord  
  159  8:44  Hydralisk x3  
  159  8:48  Drone  
  166  9:06  Hydralisk x8  
  166  9:08  Overlord x2  
  182  9:19  Overlord  
  182  9:20  Overlord  
  182  9:25  Hive  
  182  9:29  Hydralisk  
  182  9:30  Hydralisk x7  
  198  9:33  Overlord  
  198  9:41  Hydralisk x2  
  191  9:57  Extractor  
  191  9:58  Extractor  
  189  10:03  Drone x5  
  189  10:04  Drone x2  
  189  10:05  Drone  
  189  10:06  Drone  
  198  10:07  Hydralisk  
  200  10:15  Hatchery  
  199  10:47  Hatchery x2  
  197  10:51  Drone x2  
  197  10:53  Hatchery  
  197  10:56  Drone x2  
  182  11:35  Hydralisk x9  
  200  11:48  Overseer  
  200  11:49  Hatchery  
  200  11:50  Hatchery  
Show
View Real Time Build Order
Export as new Build Order

A.I. 1 (Hard) Protoss 

Build Orders:  

Get SALT Encoding   

  12  0:00  Probe  
  13  0:13  Probe  
  14  0:19  Pylon  
  14  0:25  Probe  
  15  0:34  Probe  
  15  0:39  Gateway  
  15  0:42  Probe  
  17  0:50  Assimilator  
  17  0:52  Probe  
  18  1:00  Probe  
  18  1:01  Pylon  
  19  1:20  Probe  
  20  1:28  Zealot  
  20  1:31  Cybernetics Core  
  22  1:41  Gateway  
  22  1:46  Assimilator  
  22  1:58  Adept  
  22  2:02  Pylon  
  24  2:15  Warp Gate  
  24  2:28  Adept  
  26  2:33  Adept  
  28  2:40  Pylon  
  28  2:58  Stalker  
  30  3:02  Probe  
  30  3:03  Adept  
  33  3:11  Probe  
  33  3:13  Pylon  
  33  3:19  Probe  
  35  3:28  Adept  
  35  3:31  Probe  
  35  3:33  Adept  
  40  3:38  Forge  
  40  3:44  Probe  
  41  3:53  Adept  
  41  3:56  Probe  
  44  4:10  Zealot  
  46  5:07  Stalker, Protoss Ground Weapons Level 1  
  46  5:10  Gateway  
  46  5:12  Pylon  
  48  5:14  Photon Cannon  
  48  5:17  Sentry  
  48  5:19  Photon Cannon  
  50  5:29  Robotics Facility  
  50  5:30  Stalker  
  50  5:33  Pylon  
  52  5:40  Stalker  
  53  5:50  Stargate  
  53  5:51  Probe  
  53  5:53  Pylon, Stalker  
  56  6:03  Zealot  
  52  6:09  Nexus  
  48  6:12  Zealot  
  48  6:17  Observer  
  49  6:21  Sentry  
  45  6:30  Zealot  
  45  6:38  Observer  
  46  6:40  Adept  
  48  6:49  Zealot  
  50  6:57  Twilight Council  
  50  6:58  Stalker  
  52  7:06  Protoss Ground Armor Level 1  
  52  7:07  Forge  
  52  7:08  Adept  
  54  7:21  Probe  
  55  7:23  Probe  
  56  7:32  Pylon  
  56  7:33  Probe  
  56  7:34  Pylon  
  56  7:35  Probe  
  58  7:45  Probe  
  58  7:47  Probe  
  60  7:54  Photon Cannon  
  60  7:57  Probe  
  60  7:58  Photon Cannon  
  61  7:59  Probe  
  62  8:10  Probe  
  62  8:11  Probe  
  64  8:18  Probe  
  64  8:23  Probe  
  64  8:26  Probe  
  67  8:35  Probe  
  68  8:52  Assimilator  
  68  8:58  Assimilator  
  68  9:07  Warp Prism, Adept  
  68  9:09  Stalker x2  
  72  9:11  Gateway  
  72  9:13  Robotics Facility, Void Ray  
  72  9:16  Stargate  
  76  9:23  Adept  
  78  9:28  Adept  
  80  9:34  Adept  
  82  9:42  Nexus  
  82  9:44  Observer  
  71  9:53  Zealot  
  71  9:59  Zealot, Warp Prism  
  65  10:01  Warp Prism  
  65  10:04  Stalker  
  67  10:10  Stalker  
  69  10:16  Zealot  
  71  10:22  Adept  
  71  10:28  Adept  
  75  10:33  Stalker  
  77  10:39  Stalker  
  79  10:43  Probe  
  79  10:45  Sentry  
  82  10:50  Void Ray  
  85  11:00  Stalker  
  81  11:06  Stalker  
  28  11:54  Pylon  
  28  11:57  Pylon  
  24  12:11  Stalker  
Tags
 
Composition
Roach Hydra
League
Platinum
Matchup
PvZ
Spawn Locations
Cross Positions
Add a new tag
Caveats
  • Supply blocks, unpowered buildings, or Contaminate may cause inaccurate times.
  • Supply counts are checked every 10 seconds.